 Dungeon Crawl Stone Soup version 0.25-a0-663-gace7076 (webtiles) character file.

Game seed: 2302892655487991623, levelgen mode: deterministic

31027 BlueFish the Brawler (level 13, -3/124 HPs)
             Began as a Troll Monk on Mar 25, 2020.
             Was a High Priest of Wu Jian.
             Slain by a yak (17 damage)
             ... led by a torpor snail
             ... on level 6 of the Lair of Beasts.
             The game lasted 00:39:54 (12541 turns).

BlueFish the Brawler (Troll Monk)                  Turns: 12541, Time: 00:39:55

Health: -3/124     AC: 11    Str: 26    XL:     13   Next: 23%
Magic:  12/12      EV: 12    Int:  6    God:    Wu Jian [*****.]
Gold:   1209       SH:  0    Dex: 12    Spells: 12/12 levels left

rFire    . . .     SeeInvis .     - Unarmed
rCold    . . .     Gourm    +   (no shield)
rNeg     . . .     Faith    .   G - +2 robe {MR+}
rPois    +         Spirit   .   (helmet restricted)
rElec    .         Reflect  .   (no cloak)
rCorr    .         Harm     .   (gloves unavailable)
MR       +....                  (boots unavailable)
Stlth    ++........             p - amulet of magic regeneration
HPRegen  0.70/turn              r - +3 ring of protection
MPRegen  0.38/turn              o - ring of poison resistance

@: lethally poisoned (-3 -> -3), slowed, very slow
A: large, unfitting armour, claws 3, fast metabolism 3, gourmand, regeneration
1, shaggy fur 1, tough skin 3
a: Wall Jump, Serpent's Lash, Heavenly Storm, Renounce Religion


You were on level 6 of the Lair of Beasts.
You worshipped Wu Jian.
Wu Jian was extremely pleased with you.
You were very full.

You visited 3 branches of the dungeon, and saw 18 of its levels.

You collected 1209 gold pieces.

Inventory:

Hand Weapons
 H - a +1 vorpal hunting sling
Missiles
 W - 2 silver boomerangs (quivered)
Armour
 G - a +2 robe of magic resistance (worn)
Jewellery
 o - a ring of poison resistance (right claw)
 p - an amulet of magic regeneration (around neck)
 r - a +3 ring of protection (left claw)
 s - an uncursed ring of resist corrosion
 z - an uncursed ring of see invisible {unknown}
 B - a cursed ring of attention {unknown}
 L - an uncursed ring of magical power {unknown}
 O - an uncursed ring of stealth {unknown}
 P - an uncursed amulet of faith {unknown}
 R - a +4 ring of strength {unknown}
 S - an uncursed ring of fire {unknown}
 T - a cursed +4 amulet of reflection {unknown}
Wands
 f - a wand of disintegration (13)
 h - a wand of iceblast (15)
 v - a wand of polymorph (11)
 y - a wand of paralysis (8)
 C - a wand of random effects (42)
 E - a wand of flame (18)
 F - a wand of clouds (4)
 K - a wand of acid (3)
 Q - a wand of enslavement (9)
Scrolls
 a - a scroll of blinking
 c - 15 scrolls of teleportation
 k - a scroll of magic mapping
 u - 9 scrolls of remove curse
 x - 3 scrolls of fog
 A - 2 scrolls of fear
 I - a scroll of summoning
 M - a scroll of acquirement {unknown}
 N - a scroll of silence {unknown}
 V - a scroll of amnesia
 Y - 2 scrolls of identify
 Z - a scroll of holy word {unknown}
Potions
 d - 3 potions of invisibility
 e - 2 potions of haste
 g - 3 potions of berserk rage
 i - 8 potions of curing
 j - 2 potions of heal wounds
 l - 3 potions of resistance
 m - 4 potions of might
 n - 2 potions of flight {unknown}
 q - 4 potions of brilliance {unknown}
 t - a potion of magic {unknown}
 w - 4 potions of stabbing {unknown}
 D - 2 potions of mutation {unknown}
 J - 2 potions of cancellation {unknown}
 U - 3 potions of lignification {unknown}
Comestibles
 b - 32 rations


   Skills:
 * Level 7.4 Fighting
 + Level 5.8 Dodging
 + Level 4.0 Stealth
 * Level 18.1 Unarmed Combat
 + Level 0.8 Evocations


You had 12 spell levels left.
You didn't know any spells.
Your spell library contained the following spells:

 Spells                   Type           Power        Failure   Level  Hunger
 Animate Skeleton         Necr           N/A          45%         1    ##.....
 Apportation              Tloc           #.....       45%         1    ##.....
 Corona                   Hex            #......      45%         1    ##.....
 Shock                    Conj/Air       #...         45%         1    ##.....
 Summon Butterflies       Summ           #.......     45%         1    ##.....
 Summon Small Mammal      Summ           #...         45%         1    ##.....
 Passwall                 Tmut/Erth      #.......     58%         2    ###....
 Swiftness                Chrm/Air       #.......     58%         2    ###....
 Lesser Beckoning         Tloc           #.........   83%         3    ####...
 Static Discharge         Conj/Air       #.......     83%         3    ####...
 Tukima's Dance           Hex            #.......     83%         3    ####...
 Airstrike                Air            #.........   99%         4    #####..
 Passage of Golubria      Tloc           N/A          99%         4    #####..
 Alistair's Intoxication  Tmut/Pois      #.......     100%        5    ######.
 Lee's Rapid Deconstruct  Erth           #.........   100%        5    ######.
 Lightning Bolt           Conj/Air       #.........   100%        5    ######.
 Darkness                 Hex            #.........   100%        6    #######
 Invisibility             Hex            #.......     100%        6    #######


Dungeon Overview and Level Annotations

Branches:
Dungeon (11/15)            Temple (1/1) D:4            Lair (6/6) D:9
  Swamp (0/4) Lair:2       Spider (0/4) Lair:3          Orc (0/2) D:11
  Slime: Lair:5-6

Altars:
Ashenzari
Cheibriados
Dithmenos
Elyvilon
Fedhas
Gozag
Hepliaklqana
Kikubaaqudgha
Makhleb
Nemelex Xobeh
Okawaru
Qazlal
Ru
Sif Muna
Trog
Uskayaw
Vehumet
Wu Jian
Xom
Yredelemnul
Zin
The Shining One

Annotations:
D:3 1 runed translucent door


Innate Abilities, Weirdness & Mutations

You are too large for most types of armour.
You have claws for hands.
Your metabolism is lightning-fast.
You like to eat raw meat.
Your natural rate of healing is unusually fast.
You are covered in fur. (AC +1)
You have extremely tough skin. (AC +3)


Message History

The spiny frog is lightly wounded.
You barely miss the spiny frog.
The spiny frog is lightly wounded.
You feel sick.
A yak comes into view.
The water moccasin bites the plant but does no damage.
The water moccasin bites you.
* * * LOW HITPOINT WARNING * * *
The spiny frog barely misses you.
A yak comes into view.
The water moccasin barely misses you.
The blink frog blinks!
The yak gores you!
* * * LOW HITPOINT WARNING * * *
There is a stone staircase leading up here.
You feel much better.
You feel sick.
The blink frog hits you but does no damage.
The blink frog hits you!
* * * LOW HITPOINT WARNING * * *
The blink frog blinks!
The yak gores you!
You die...

#.. ##.......F.....
#..##...## #.l.....
#..##≈≈≈≈≈ #....P..
#...#YY.####.......
###..w..PY.?....§...
#....F$Y.......P##..
#....FY..Y..PP...#.P
##.lYSY.Y..##....##.
#..@DFl.P..###....#.
#...§.#S...P..##...#
#....##........##..l#
♣...#..#....P...l##..#
♣.P..P.....#P.....l #.
.≈≈.....P....###....
♣♣≈≈.......... ##
♣♣≈......F..P


You could see a seven-headed hydra, a torpor snail, a komodo dragon, 9 yaks, 2
spiny frogs, 2 blink frogs, 2 water moccasins and a wyvern.

Vanquished Creatures
  The ghost of Akrius the Covert, a journeyman OpCj of Ashenzari (Lair:4)
  2 hydras (Lair:3)
  A catoblepas (Lair:4)
  2 two-headed ogres
  Urug (Lair:2)
  Sonja (D:10)
  Nergalle (D:11)
  An unseen horror (D:10)
  6 elephants (Lair:4)
  A cyclops (D:11)
  5 black mambas
  A guardian serpent (D:10)
  A gargoyle (D:10)
  6 spiny frogs
  6 komodo dragons
  3 torpor snails (Lair:5)
  3 trolls
  A jumping spider (Lair:3)
  A tyrant leech (Lair:2)
  Prince Ribbit (D:5)
  A hornet (Lair:6)
  2 blink frogs (Lair:6)
  10 hippogriffs
  14 yaks
  A shadow (D:11)
  A wyvern (Lair:2)
  A basilisk (Lair:2)
  5 humans (D:8)
  3 hungry ghosts
  A soldier ant (D:11)
  2 swamp worms (Lair:2)
  8 water moccasins
  7 porcupines
  3 orc warriors
  2 sky beasts (D:11)
  3 ice beasts
  2 black bears
  3 phantoms
  8 ogres
  6 wolves (Lair:5)
  3 centaurs
  8 crocodiles
  3 big kobolds
  12 bullfrogs
  3 scorpions
  6 killer bees
  8 wights
  A howler monkey (D:7)
  3 crimson imps
  A bullfrog zombie (D:8)
  3 bullfrog skeletons
  2 centaur zombies
  5 hounds
  7 orc priests
  9 orc wizards
  Jessica (D:2)
  2 centaur skeletons
  9 iguanas
  13 worker ants
  2 hound skeletons
  A worker ant zombie (D:6)
  A gnoll (D:1)
  16 adders
  3 adder skeletons
  An adder zombie (D:6)
  A worm (D:4)
  2 dart slugs (D:2)
  5 leopard geckos
  34 orcs
  10 giant cockroaches
  8 goblins
  8 hobgoblins
  14 jackals
  4 quokkas
  2 ball pythons
  10 bats
  5 frilled lizards
  A jackal skeleton (D:5)
  16 kobolds
  11 rats
  A plant (D:1)
383 creatures vanquished.

Vanquished Creatures (others)
  3 fungi
  3 plants
6 creatures vanquished.

Grand Total: 389 creatures vanquished

Notes
Turn   | Place    | Note
-------+----------+-------------------------------------------
     0 | D:1      | BlueFish the Troll Monk began the quest for the Orb.
     0 | D:1      | Reached XP level 1. HP: 22/22 MP: 0/0
   167 | D:1      | Reached XP level 2. HP: 23/29 MP: 1/1
   477 | D:1      | Reached XP level 3. HP: 37/37 MP: 2/2
   839 | D:2      | Noticed Jessica
   843 | D:2      | Killed Jessica
   843 | D:2      | Reached XP level 4. HP: 45/45 MP: 3/3
   917 | D:2      | Reached skill level 4 in Unarmed Combat
  1464 | D:3      | Reached XP level 5. HP: 45/53 MP: 4/4
  1787 | D:3      | Found a glowing golden altar of the Shining One.
  1787 | D:3      | Noticed an angel
  1788 | D:3      | Found a runed translucent door.
  2000 | D:4      | Reached skill level 5 in Unarmed Combat
  2018 | D:4      | Found a staircase to the Ecumenical Temple.
  2030 | Temple   | Entered the Ecumenical Temple
  2066 | Temple   | Became a worshipper of the Wu Jian Council
  2066 | Temple   | Reached * piety under Wu Jian
  2066 | Temple   | Reached ** piety under Wu Jian
  2346 | D:4      | Reached XP level 6. HP: 55/61 MP: 5/5
  2438 | D:4      | Reached skill level 6 in Unarmed Combat
  2528 | D:4      | Reached XP level 7. HP: 64/68 MP: 6/6
  2877 | D:4      | Found an iron altar of Okawaru.
  2882 | D:4      | Found an opulent altar of Gozag.
  2883 | D:4      | Found a blossoming altar of Fedhas.
  2885 | D:4      | Found a shattered altar of Ashenzari.
  3075 | D:5      | Entered Level 5 of the Dungeon
  3110 | D:5      | Reached skill level 7 in Unarmed Combat
  3282 | D:5      | Reached *** piety under Wu Jian
  3383 | D:5      | Reached skill level 8 in Unarmed Combat
  3383 | D:5      | Reached XP level 8. HP: 62/78 MP: 7/7
  3623 | D:5      | Noticed Prince Ribbit
  3630 | D:5      | Killed Prince Ribbit
  3630 | D:5      | Reached skill level 9 in Unarmed Combat
  3967 | D:6      | Reached skill level 10 in Unarmed Combat
  4036 | D:6      | Reached XP level 9. HP: 75/85 MP: 8/8
  4224 | D:6      | Reached **** piety under Wu Jian
  4373 | D:7      | Reached skill level 11 in Unarmed Combat
  4921 | D:8      | Reached skill level 5 in Fighting
  5305 | D:8      | Reached skill level 12 in Unarmed Combat
  5320 | D:8      | Reached XP level 10. HP: 73/96 MP: 9/9
  5632 | D:9      | Found a staircase to the Lair.
  6055 | D:9      | Reached skill level 13 in Unarmed Combat
  6069 | D:9      | Noticed a two-headed ogre
  6074 | D:9      | Killed a two-headed ogre
  6529 | D:10     | Entered Level 10 of the Dungeon
  6647 | D:10     | Reached ***** piety under Wu Jian
  6666 | D:10     | Noticed Sonja
  6684 | D:10     | Killed Sonja
  6684 | D:10     | Reached skill level 14 in Unarmed Combat
  6687 | D:10     | Reached XP level 11. HP: 53/105 MP: 10/10
  6736 | D:10     | Killed an unseen horror
  7485 | D:11     | Reached skill level 15 in Unarmed Combat
  7577 | D:11     | Noticed Nergalle
  7587 | D:11     | Killed Nergalle
  7587 | D:11     | Reached skill level 5 in Dodging
  7637 | D:11     | Noticed a two-headed ogre
  7647 | D:11     | Killed a two-headed ogre
  7685 | D:11     | Found a staircase to the Orcish Mines.
  7843 | Lair:1   | Entered Level 1 of the Lair of Beasts
  8330 | Lair:1   | Found a glowing silver altar of Zin.
  8367 | Lair:1   | Reached skill level 16 in Unarmed Combat
  8906 | Lair:2   | Reached XP level 12. HP: 103/115 MP: 11/11
  9054 | Lair:2   | Noticed Urug
  9067 | Lair:2   | Killed Urug
  9312 | Lair:2   | Found a staircase to the Swamp.
  9739 | Lair:3   | Noticed a four-headed hydra
  9749 | Lair:3   | Killed a seven-headed hydra
 10004 | Lair:3   | Reached skill level 17 in Unarmed Combat
 10065 | Lair:3   | Found a hole to the Spider Nest.
 10151 | Lair:3   | Noticed a four-headed hydra
 10481 | Lair:3   | Killed an eight-headed hydra
 10696 | Lair:4   | Found a large runed translucent door.
 10696 | Lair:4   | Found a large runed translucent door.
 10700 | Lair:4   | Noticed Akrius's ghost (journeyman OpCj)
 10736 | Lair:4   | Killed Akrius's ghost
 10864 | Lair:4   | Noticed a catoblepas
 10869 | Lair:4   | Killed a catoblepas
 11123 | Lair:4   | Reached XP level 13. HP: 121/124 MP: 12/12
 11929 | Lair:5   | Found a snail-covered altar of Cheibriados.
 12193 | Lair:5   | Reached skill level 18 in Unarmed Combat
 12499 | Lair:6   | Entered Level 6 of the Lair of Beasts
 12541 | Lair:6   | Slain by a yak

Levels and vault maps discovered:
D:1:      eino_arrival_druids_welcome, layout_loops_ring, minmay_misc_feat_tiny,
          grunt_decor_fettered
D:2:      layout_loops_cross, nrook_mini_vaults, guppyfry_early_orc_mine,
          uniq_jessica
D:3:      layout_rooms, first_ration, skrybe_limestone_x, lemuel_angel_altar
D:4:      layout_basic, minitemple, minmay_temple_entry_drinking_statues,
          st_stairs_9
D:5:      layout_basic, uniq_prince_ribbit1
D:6:      layout_rooms, hangedman_decor_peaks_small
D:7:      layout_loops_cross, grunt_ogre_cave, kennysheep_generic_room_8
D:8:      layout_basic, minmay_misc_feat_x, minmay_ruffians
D:9:      layout_long_grid, david_lair_shrubbed, grunt_ministairs_6,
          minmay_increasing_density
D:10:     layout_loops_ring, nrook_guardian_serpent_ordinary, uniq_sonja
D:11:     layout_cross, orc_0_dummy, uniq_nergalle
Temple:   dpeg_five_rooms_temple
Lair:1:   layout_big_grid, basic_altar, serial_forest, infiniplex_forest_end_2,
          infiniplex_forest_fountain, infiniplex_forest_lined_room_2,
          infiniplex_forest_end_3, infiniplex_forest_split,
          infiniplex_forest_lined_4_way, infiniplex_forest_clump_C,
          cheibrodos_lair_caveside_slide
Lair:2:   layout_regular_city, minmay_swamp_entry_worms, uniq_urug
Lair:3:   layout_regular_city, spider_nest_entry_rubble, grunt_megastairs_4,
          infiniplex_staircase_pool_2
Lair:4:   layout_small_grid, ebering_ghost_disaster_area
Lair:5:   layout_roguey, kennysheep_snail_temple
Lair:6:   hangedman_lair_tendril_chambers, layout_loops_ring,
          guppyfry_lair_end_dragon, nicolae_slime_entry_slimehenge,
          nicolae_volcano_entry_hallway, chequers_serial_rivers_micro_b

Skill      XL: |  1  2  3  4  5  6  7  8  9 10 11 12 13 |
---------------+----------------------------------------+-----
Fighting       | 3 4 5 6 7 |  7.4
Unarmed Combat | 4 5 6 8 10 12 14 16 17 18 | 18.1
Dodging        | 3 4 5 |  5.8
Stealth        | 2 3 4 |  4.0
Evocations     | |  0.8

Action                   |  1- 3 |  4- 6 |  7- 9 | 10-12 | 13-15 || total
-------------------------+-------+-------+-------+-------+-------++-------
Melee: Unarmed           |    69 |   167 |   314 |   528 |   112 ||  1190
       Punch             |       |     3 |     6 |    33 |     8 ||    50
Invok: Whirlwind         |       |     5 |   161 |    88 |    40 ||   294
       Lunge             |       |     2 |    28 |    67 |     2 ||    99
 Abil: Wall Jump         |       |     1 |       |       |     3 ||     4
Evoke: Wand              |       |       |       |     8 |       ||     8
  Use: Scroll            |     4 |     6 |     8 |     2 |     2 ||    22
       Potion            |       |       |       |     1 |     2 ||     3
 Stab: Distracted        |     2 |       |     2 |       |       ||     4
       Sleeping          |       |     4 |     8 |    12 |     1 ||    25
  Eat: Chunk             |    13 |    14 |    32 |    71 |    12 ||   142
Armor: Robe              |    30 |    48 |    54 |   119 |    24 ||   275
Dodge: Dodged            |    27 |    84 |   120 |   170 |    47 ||   448

Table legend:
 A = Non-vault XP
 B = Vault XP
 C = Vault XP percentage of total XP
 D = Non-vault monster count
 E = Vault monster count
 F = Vault count percentage of total count
                 A         B        C        D         E       F
            +---------+---------+-------+---------+---------+-------
      Total |   32294 |   12031 |  27.1 |     333 |      49 |  12.8
            +---------+---------+-------+---------+---------+-------
        D:1 |      50 |       0 |   0.0 |      24 |       0 |   0.0
        D:2 |      82 |      54 |  39.7 |      26 |       8 |  23.5
        D:3 |      61 |       0 |   0.0 |      25 |       0 |   0.0
        D:4 |     545 |      94 |  14.7 |      18 |       4 |  18.2
        D:5 |     869 |     277 |  24.2 |      36 |       1 |   2.7
        D:6 |    1464 |       0 |   0.0 |      31 |       0 |   0.0
        D:7 |     506 |     113 |  18.3 |      11 |       1 |   8.3
        D:8 |     805 |     996 |  55.3 |      15 |       5 |  25.0
        D:9 |    1335 |    2059 |  60.7 |      18 |      12 |  40.0
       D:10 |    4078 |    1298 |  24.1 |      32 |       2 |   5.9
       D:11 |    3077 |     812 |  20.9 |      21 |       1 |   4.5
     Lair:1 |    2978 |       0 |   0.0 |      14 |       0 |   0.0
     Lair:2 |    2457 |    1419 |  36.6 |      10 |       4 |  28.6
     Lair:3 |    3912 |    2179 |  35.8 |      13 |       5 |  27.8
     Lair:4 |    6014 |    1048 |  14.8 |      18 |       1 |   5.3
     Lair:5 |    3321 |    1259 |  27.5 |      18 |       3 |  14.3
     Lair:6 |     740 |     423 |  36.4 |       3 |       2 |  40.0
            +---------+---------+-------+---------+---------+-------
